 Dungeon Crawl Stone Soup version 0.29-a0-241-g20d21d4356 (webtiles) character file.

Game seed: 15093036356461118755

793 Ijustatesigmund the Chopper (level 7, -6/96 HPs)
             Began as a Minotaur Fighter on Mar 4, 2022.
             Killed from afar by Sigmund (7 damage)
             ... with a magic dart
             ... on level 4 of the Dungeon.
             The game lasted 00:06:39 (3368 turns).

Ijustatesigmund the Chopper (Minotaur Fighter)      Turns: 3368, Time: 00:06:40

Health: -6/96      AC: 23    Str: 23    XL:     7   Next: 57%
Magic:  6/6        EV:  2    Int:  5    God:
Gold:   38         SH:  4    Dex:  9    Spells: 6/6 levels left

rFire   . . .      SeeInvis .   a - +1 war axe
rCold   . . .      Faith    .   c - +0 buckler
rNeg    . . .      Spirit   .   (body armour currently unavailable)
rPois   +          Reflect  .   (helmet currently unavailable)
rElec   .          Harm     .   (cloak currently unavailable)
rCorr   .          Rampage  .   (gloves currently unavailable)
Will    .....      NoTele   +   (boots currently unavailable)
Stlth   +.........              u - amulet of the acrobat
HPRegen 0.26/turn               e - ring of poison resistance
MPRegen 0.10/turn               (no ring)

@: tree-form
A: stationary, stasis, torment immunity, boosted hp, (horns 2), (retaliatory
headbutt)
a: no special abilities


You were on level 4 of the Dungeon.
You were a tree.
You visited 1 branch of the dungeon, and saw 4 of its levels.

You collected 293 gold pieces.
You spent 255 gold pieces at shops.

Inventory:

Hand Weapons
 a - a +1 war axe (weapon)
Armour
 b - the +5 chain mail "Ilal" (melded) {Stlth+}
   (You bought it in a shop on level 1 of the Dungeon)

   Stlth:     It makes you more stealthy.
 c - a +0 buckler (worn)
 k - a +0 pair of boots (melded)
Jewellery
 e - a ring of poison resistance (left branch)
 u - an amulet of the acrobat (around neck)
 y - a ring of protection from cold
Wands
 p - a wand of iceblast (3)
Scrolls
 g - 5 scrolls of fog
 h - 2 scrolls of magic mapping
 i - 2 scrolls of teleportation
 n - a scroll of enchant weapon
 v - a scroll of fear
Potions
 d - 2 potions of might
 f - a potion of cancellation
 j - a potion of magic
 l - a potion of haste {unknown}
 o - a potion of heal wounds {unknown}
 q - a potion of curing {unknown}
 r - a potion of ambrosia {unknown}
 s - a potion of invisibility {unknown}
 t - a potion of mutation {unknown}
 x - a potion of lignification


   Skills:
 + Level 6.9 Fighting
 + Level 7.4 Axes
 + Level 5.7 Armour
 - Level 3.6 Shields


You had 6 spell levels left.
You didn't know any spells.
Your spell library contained the following spells:

 Spells                   Type           Power      Damage    Failure   Level
 Ensorcelled Hibernation  Hex/Ice        0%         N/A       71%         2
 Ozocubu's Armour         Ice            0%         N/A       91%         3
 Spider Form              Tmut/Pois      0%         N/A       91%         3
 Anguish                  Hex/Necr       0%         N/A       100%        4
 Ozocubu's Refrigeration  Ice            0%         4d5       100%        7
 Chain Lightning          Conj/Air       0%         N/A       100%        9
 Fire Storm               Conj/Fire      0%         5d1       100%        9
 Shatter                  Erth           0%         3d5*      100%        9


Dungeon Overview and Level Annotations

Branches:
Dungeon (4/15)
 Temple: D:4-7

Altars:
Dithmenos
Makhleb
Yredelemnul

Shops:
D:1 ?[[

Annotations:
D:4 Sigmund


Innate Abilities, Weirdness & Mutations

You are a tree.
Your roots penetrate the ground, keeping you stationary.
You cannot be teleported.
You are immune to unholy pain and torment.
Your maximum health is greatly increased.
Your equipment is partially melded.
((You have a pair of horns on your head.))
((You reflexively headbutt those who attack you in melee.))


Message History

You hear a zap.
Your mind is blasted!
You miss something. You hit the kobold.
You kill the kobold!
Something hits you but does no damage.
You bump into the rock wall.
You bump into the rock wall.
Something hits you!
You're too confused to move!
You hear a zap.
Your mind is blasted!
You barely miss something. Your headbutt misses something.
You feel less confused.
You hear a zap.
Your mind is blasted!
* * * LOW HITPOINT WARNING * * *
You barely miss something. Something hits you.
* * * LOW HITPOINT WARNING * * *
It was a potion of lignification.
You turn into a tree.
Your +0 pair of boots melds into your body.
The +5 chain mail "Ilal" {Stlth+} melds into your body.
Your roots penetrate the ground.
You cannot move.
You cannot move.
You cannot move.
You miss something.
You hear a zap.
Your mind is blasted!
* * * LOW HITPOINT WARNING * * *
You barely miss something.
You hear a zap.
Something tries to affect you, but you resist.
You hear a zap.
Your mind is blasted!
* * * LOW HITPOINT WARNING * * *
You barely miss something. Something hits you but does no damage.
You hit something.
You hear some strange, mumbled words.
A magic dart appears from out of thin air!
The magic dart hits you!
You die...

####.## . ##...... ..
###....... ...
##......(.. ....
##.......... .....##
##...........
......)#####............
......{♣..#........<..@.
.[.....##...............
....... ##..............
......# #..............
....## #..............
...# ##............. .##
#.............
##............
##..........


There were no monsters in sight!

Vanquished Creatures
  Eustachio (D:4)
  Edmund (D:4)
  A water moccasin (D:4)
  A necrophage (D:4)
  2 howler monkeys (D:4)
  Jessica (D:3)
  Ijyb (D:3)
  An iguana (D:4)
  An orc wizard (D:3)
  Robin (D:3)
  4 gnolls (D:4)
  3 adders
  A worm (D:2)
  3 dart slugs
  11 orcs
  7 endoplasms
  3 giant cockroaches
  9 goblins
  9 hobgoblins
  7 kobolds
  7 quokkas
  9 ball pythons
  4 bats
  2 frilled lizards (D:1)
  7 rats
97 creatures vanquished.

Vanquished Creatures (others)
  An orc wizard (D:4)
1 creature vanquished.

Grand Total: 98 creatures vanquished

Notes
Turn   | Place    | Note
-------+----------+-------------------------------------------
     0 | D:1      | Ijustatesigmund the Minotaur Fighter began the quest for
                  | the Orb.
     0 | D:1      | Reached XP level 1. HP: 19/19 MP: 0/0
    17 | D:1      | Found Ditaepex's Armour Emporium.
    79 | D:1      | Reached skill level 3 in Axes
   106 | D:1      | Reached XP level 2. HP: 27/27 MP: 1/1
   148 | D:1      | Found Essasmoz's Magic Scroll Shoppe.
   201 | D:1      | Bought a scroll of identify for 20 gold pieces
   201 | D:1      | Bought a scroll of fog for 20 gold pieces
   299 | D:1      | Bought a scroll of magic mapping for 35 gold pieces
   493 | D:1      | Found Lukuahui's Antique Armour Emporium.
   788 | D:2      | Reached XP level 3. HP: 31/33 MP: 2/2
   934 | D:2      | Reached skill level 4 in Axes
  1446 | D:2      | Found a faded altar of an unknown god.
  1623 | D:3      | Reached XP level 4. HP: 41/41 MP: 3/3
  1675 | D:3      | Reached skill level 5 in Axes
  1722 | D:3      | Noticed Ijyb
  1740 | D:3      | Killed Ijyb
  1741 | D:3      | Reached XP level 5. HP: 23/47 MP: 4/4
  1954 | D:3      | Noticed Jessica
  1957 | D:3      | Killed Jessica
  1958 | D:3      | Reached skill level 5 in Fighting
  1986 | D:3      | Noticed Robin
  1996 | D:3      | Killed Robin
  2211 | D:3      | Found a basalt altar of Yredelemnul.
  2212 | D:3      | Found a burning altar of Makhleb.
  2360 | D:3      | Found a shadowy altar of Dithmenos.
  2554 | D:4      | Noticed Sigmund
  2668 | D:4      | Noticed Eustachio
  2679 | D:4      | Killed Eustachio
  2680 | D:4      | Reached skill level 6 in Axes
  2680 | D:4      | Reached XP level 6. HP: 49/57 MP: 5/5
  2920 | D:1      | Bought an encrusted chain mail for 180 gold pieces
  2920 | D:1      | Identified the +5 chain mail "Ilal" {Stlth+} (You bought it
                  | in a shop on level 1 of the Dungeon)
  3092 | D:4      | Noticed Edmund
  3117 | D:4      | Killed Edmund
  3118 | D:4      | Reached skill level 5 in Armour
  3118 | D:4      | Reached XP level 7. HP: 53/63 MP: 6/6
  3245 | D:4      | Reached skill level 7 in Axes
  3366 | D:4      | HP: 1/96 [disintegration (12)]
  3368 | D:4      | Killed from afar by Sigmund

Illustrated notes

Levels and vault maps discovered:
D:1:      scummos_arrival_star, layout_basic, serial_shops, shop_coins, shop,
          shop
D:2:      layout_basic, shapermc_ecumenical_altar_mp_vishouse
D:3:      layout_basic, nicolae_dithmenos_the_darkroom,
          mainiacjoe_overflow_catwalk_spiral, minmay_misc_feat_alley,
          uniq_jessica, uniq_ijyb, uniq_robin
D:4:      layout_cave_pods, minmay_pentomino_pile, uniq_sigmund, uniq_edmund,
          uniq_eustachio

Skill      XL: |  1  2  3  4  5  6  7 |
---------------+----------------------+-----
Axes           | 3 4 5 6 7 |  7.4
Fighting       | 4 5 6 |  6.9
Armour         | 4 5 |  5.7
Shields        | |  3.6

Action                   |  1- 3 |  4- 6 |  7- 9 || total
-------------------------+-------+-------+-------++-------
Melee: War axe           |    75 |    98 |    38 ||   211
       Headbutt          |    12 |    16 |     7 ||    35
  Use: Scroll            |     6 |     2 |     3 ||    11
       Potion            |       |       |     1 ||     1
Armor: Scale mail        |    30 |    37 |       ||    67
       Chain mail        |       |     8 |    25 ||    33
       Skin              |       |       |     1 ||     1
Dodge: Dodged            |    22 |    39 |    14 ||    75
Block: Buckler           |    10 |    27 |     4 ||    41

Table legend: (Time is in decaauts)
 A = Elapsed time spent in this place.
 B = Non-inter-level travel time spent in this place.
 C = Inter-level travel time spent in this place.
 D = Time resting spent in this place.
 E = Time spent auto-exploring this place.
 F = Levels seen in this place.
 G = Mean time per level.
                   A        B        C        D        E       F      G
               +--------+--------+--------+--------+--------+-----+--------+
         Total |   3428 |   3142 |    286 |    155 |   2334 |   4 |  857.0 |
       Dungeon |   3428 |   3142 |    286 |    155 |   2334 |   4 |  857.0 |
               +--------+--------+--------+--------+--------+-----+--------+

Top non-repeatable levels by time:
     D:3: 1127 daAuts
     D:2: 880 daAuts
     D:1: 804 daAuts
     D:4: 616 daAuts
